 Dungeon Crawl Stone Soup version bcrawl-1.13.5 (webtiles) character file.

Game seed: 12771518522786402346

378 MisterOstroum the Conjurer (level 6, -2/42 HPs)
             Began as a Fairy Conjurer on Aug 29, 2019.
             Slain by an adder (4 damage)
             ... on level 4 of the Dungeon.
             The game lasted 00:05:03 (3196 turns).

MisterOstroum the Conjurer (Fairy Conjurer)         Turns: 3196, Time: 00:05:04

Health: -2/42      AC:  5    Str:  6    XL:     6   Next: 74%
Magic:  1/12       EV: 15    Int: 20    God:
Gold:   124        SH:  5    Dex: 13    Spells: 4/10 levels left

rFire    . . .     SeeInvis .   n - +1 short sword (freeze)
rCold    . . .     Gourm    .   (shield restricted)
rNeg     . . .     Faith    .   (armour unavailable)
rPois    .         Spirit   .   (no helmet)
rElec    .         Reflect  .   (no cloak)
rCorr    .         Harm     .   (no gloves)
MR       .....                  (no boots)
Stlth    +.........             (no amulet)
HPRegen  0.14/turn              (no ring)
MPRegen  0.13/turn              (no ring)

@: no status effects
A: small, magic attunement, unstealthy, unfitting armour, able to fly, AC/SH +5
a: Fly


You were on level 4 of the Dungeon.
You were not hungry.

You visited 1 branch of the dungeon, and saw 4 of its levels.

You collected 124 gold pieces.

Inventory:

Hand Weapons
 n - a +1 short sword of freezing (weapon)
Missiles
 i - 701 stones (quivered)
Armour
 b - a +0 buckler
Jewellery
 d - an uncursed ring of insulation {unknown}
 f - an uncursed ring of resist corrosion {unknown}
 j - an uncursed amulet of magic regeneration {unknown}
 l - a cursed amulet of inaccuracy {unknown}
 r - an uncursed ring of magical power {unknown}
Scrolls
 a - 3 scrolls of identify {unknown}
 g - a scroll of remove curse {unknown}
 m - a scroll of amnesia {unknown}
 s - 2 scrolls of teleportation {unknown}
 t - a scroll of blinking {unknown}
Potions
 h - a potion of degeneration {unknown}
 k - a potion of mutation {unknown}
 o - a potion of heal wounds {unknown}
 p - 2 potions of curing {unknown}
 q - a potion of magic {unknown}
 u - a potion of haste {unknown}
Comestibles
 c - 7 chunks of flesh
 e - 4 rations {!d}


   Skills:
 + Level 3.2 Fighting
 - Level 2.6 Dodging
 - Level 1.5 Stealth
 + Level 2.0 Shields
 - Level 2.6 Spellcasting
 + Level 7.8 Conjurations


You had 4 spell levels left.
You knew the following spells:

 Your Spells              Type           Power        Failure   Level  Hunger
a - Magic Dart            Conj           ####         1%          1    None
b - Searing Ray           Conj           ####..       1%          2    None
c - Iskenderun's Mystic   Conj           ####....     1%          3    None

Your spell library contained the following spells:

 Spells                   Type           Power        Failure   Level  Hunger
 Fulminant Prism          Conj/Hex       ###.......   30%         4    None
 Irradiate                Conj/Tmut      ###.......   63%         5    None


Dungeon Overview and Level Annotations

Branches:
Dungeon (4/12)
 Temple: D:4-7

Altars:
Nemelex Xobeh

Shops:
D:4 [


Innate Abilities, Weirdness & Mutations

Your spells do not cause hunger and MP costs are reduced by 1.
Your bright wings attract enemies. (Stealth-)
You cannot fit into any form of body armour.
Your shimmering scales are hard and can block incoming attacks. (AC +5, SH +5)
You are small and have problems with some larger weapons.
You can fly continuously.


Message History

Press: ? - help, Shift-Dir - straight line, f/p - orc priest
Aim: an orc priest, wielding a +0 whip and wearing a +0 ring mail (lightly wounded)
The orb of energy hits the orc priest.
The orc priest is heavily wounded.
A hound comes into view.
Casting: Iskenderun's Mystic Blast (safe; 1% risk of failure)
Confirm with . or Enter, or press ? or * to list all spells.
Aiming: Iskenderun's Mystic Blast (safe; 1% risk of failure)
Press: ? - help, Shift-Dir - straight line, f/p - orc priest
Aim: an orc priest, wielding a +0 whip and wearing a +0 ring mail (heavily wounded)
The orb of energy hits the orc priest.
The orc priest is almost dead.
The orb of energy explodes!
The hound barks!
Casting: Iskenderun's Mystic Blast (safe; 1% risk of failure)
Confirm with . or Enter, or press ? or * to list all spells.
Aiming: Iskenderun's Mystic Blast (safe; 1% risk of failure)
Press: ? - help, Shift-Dir - straight line, f/p - orc priest
Aim: an orc priest, wielding a +0 whip and wearing a +0 ring mail (almost dead)
The orb of energy hits the orc priest.
You kill the orc priest!
Your Fighting skill increases to level 3!
The orb of energy explodes!
The mystic blast hits the orc.
You kill the orc!
The mystic blast hits the orc.
You kill the orc!
Casting: Iskenderun's Mystic Blast (safe; 1% risk of failure)
Confirm with . or Enter, or press ? or * to list all spells.
Aiming: Iskenderun's Mystic Blast (safe; 1% risk of failure)
Press: ? - help, Shift-Dir - straight line, f - centaur
Aim: a centaur The orb of energy hits the centaur.
The centaur is moderately wounded.
The centaur wields a +0 shortbow.
The centaur shoots an arrow.
The arrow hits you!
You hear an angry hiss.
The centaur shoots an arrow.
You block the arrow. The hound completely misses you.
The centaur shoots an arrow.
The arrow hits you!
An adder comes into view.
The hound barely misses you.
The centaur unwields a +0 shortbow.
The centaur hits you!
Casting: Iskenderun's Mystic Blast (safe; 1% risk of failure)
Confirm with . or Enter, or press ? or * to list all spells.
Aiming: Magic Dart (safe; 1% risk of failure)
Press: ? - help, Shift-Dir - straight line, f/p - centaur
Aim: a centaur (moderately wounded)
The magic dart hits the centaur.
The centaur is heavily wounded.
The hound misses you.
The centaur hits you but does no damage.
The hound closely misses you. The centaur hits you!
* * * LOW HITPOINT WARNING * * *
Casting: Magic Dart (safe; 1% risk of failure)
Confirm with . or Enter, or press ? or * to list all spells.
Aiming: Magic Dart (safe; 1% risk of failure)
Press: ? - help, Shift-Dir - straight line, f/p - centaur
Aim: a centaur (heavily wounded)
The magic dart hits the centaur.
The centaur is severely wounded.
The hound closely misses you. You block the centaur's attack.
Casting: Magic Dart (safe; 1% risk of failure)
Confirm with . or Enter, or press ? or * to list all spells.
Aiming: Magic Dart (safe; 1% risk of failure)
Press: ? - help, Shift-Dir - straight line, f/p - centaur
Aim: a centaur (severely wounded)
The magic dart hits the centaur.
The centaur is severely wounded.
You block the hound's attack. The centaur hits you!
* * * LOW HITPOINT WARNING * * *
The hound bites you but does no damage. The centaur closely misses you.
Casting: Magic Dart (safe; 1% risk of failure)
Confirm with . or Enter, or press ? or * to list all spells.
Aiming: Magic Dart (safe; 1% risk of failure)
Press: ? - help, Shift-Dir - straight line, f/p - centaur
Aim: a centaur (severely wounded)
The magic dart hits the centaur.
The centaur is almost dead.
The hound closely misses you. The adder bites you but does no damage.
The centaur hits you but does no damage.
Casting: Magic Dart (safe; 1% risk of failure)
Confirm with . or Enter, or press ? or * to list all spells.
Aiming: Magic Dart (safe; 1% risk of failure)
Press: ? - help, Shift-Dir - straight line, f/p - centaur
Aim: a centaur (almost dead)
The magic dart hits the centaur.
You kill the centaur!
Your Shields skill increases to level 2!
The hound misses you. The adder closely misses you.
The hound barely misses you.
Unknown command.
Casting: Magic Dart (safe; 1% risk of failure)
Confirm with . or Enter, or press ? or * to list all spells.
Aiming: Magic Dart (safe; 1% risk of failure)
Press: ? - help, Shift-Dir - straight line, f - hound
Aim: a hound The magic dart hits the hound.
The hound is lightly wounded.
The adder bites you.
You die...

##.........#
.#######.........#
...........#######
...........##..#
.#....##........
...#..##........
.................
......S.?..##..##
.....?h@...# ..#
......)....# ..
####).##...# #..
#...# .... ....#
.... ....# ##...
...# #.. ...+


You could see a hound and an adder.

Vanquished Creatures
  A phantom (D:3)
  A centaur (D:4)
  An orc priest (D:4)
  A hound (D:3)
  A worker ant (D:2)
  4 adders
  An ooze (D:2)
  4 worms
  2 dart slugs
  6 leopard geckos
  8 orcs
  4 bats
  A giant cockroach (D:2)
  7 goblins
  4 hobgoblins
  5 frilled lizards
  A jackal zombie (D:3)
  9 kobolds
  10 rats
71 creatures vanquished.

Vanquished Creatures (others)
  4 toadstools (D:1)
4 creatures vanquished.

Grand Total: 75 creatures vanquished

Notes
Turn   | Place    | Note
-------+----------+-------------------------------------------
     0 | D:1      | MisterOstroum the Fairy Conjurer began the quest for the
                  | Orb.
     0 | D:1      | Reached XP level 1. HP: 11/11 MP: 6/6
   140 | D:1      | Reached skill level 5 in Conjurations
   256 | D:1      | Reached XP level 2. HP: 17/17 MP: 7/7
   304 | D:1      | Learned a level 2 spell: Searing Ray
   880 | D:1      | Reached XP level 3. HP: 21/21 MP: 9/9
   881 | D:1      | Reached skill level 6 in Conjurations
  1090 | D:2      | Found a sparkling altar of Nemelex Xobeh.
  1281 | D:2      | Learned a level 3 spell: Iskenderun's Mystic Blast
  1405 | D:2      | Reached XP level 4. HP: 27/27 MP: 2/10
  1508 | D:2      | Reached skill level 1 in Fighting
  2356 | D:3      | Reached XP level 5. HP: 34/34 MP: 8/11
  2606 | D:3      | Noticed a phantom
  2607 | D:3      | Reached skill level 7 in Conjurations
  2617 | D:3      | Killed a phantom
  2762 | D:3      | Reached XP level 6. HP: 41/41 MP: 9/12
  3082 | D:4      | Reached skill level 1 in Shields
  3162 | D:4      | Found Koesad's Antique Armour Shop.
  3193 | D:4      | HP: 2/42 [centaur (7)]
  3196 | D:4      | Slain by an adder

Skill      XL: |  1  2  3  4  5  6 |
---------------+-------------------+-----
Conjurations   | 5 6 7 |  7.8
Fighting       | 1 2 3 |  3.2
Shields        | 2 |  2.0
Dodging        | |  2.6
Stealth        | |  1.5
Spellcasting   | |  2.6

Action                   |  1- 3 |  4- 6 || total
-------------------------+-------+-------++-------
 Cast: Magic Dart        |    50 |    50 ||   100
       Searing Ray       |     7 |     5 ||    12
       Iskenderun's Myst |       |    21 ||    21
 Abil: Stop Flying       |       |     1 ||     1
  Eat: Chunk             |     1 |     6 ||     7
Armor: Skin              |     3 |     5 ||     8
Dodge: Dodged            |     8 |    14 ||    22
Block: Other             |     2 |     7 ||     9
